 Dungeon Crawl Stone Soup version 0.19.5 (webtiles) character file.

101677 Mesmaeker13 the Spear-Bearer (level 15, -13/128 HPs)
             Began as a Demigod Skald on Apr 26, 2017.
             Engulfed by a cloud of spectral mist (16 damage)
             ... on level 2 of the Swamp.
             The game lasted 02:09:43 (36907 turns).

Mesmaeker13 the Spear-Bearer (Demigod Skald)       Turns: 36907, Time: 02:09:43

Health: -13/128    AC: 16    Str: 21    XL:     15   Next: 38%
Magic:  14/21      EV: 19    Int: 18    God:
Gold:   1711       SH:  0    Dex: 17    Spells: 7 memorised, 1 level left

rFire  + . .     SeeInvis .     H - +3 demon trident (venom)
rCold  . . .     Gourm    .     F - +0 swamp dragon scales
rNeg   . . .     Faith    .     C - +0 buckler
rPois  +         Spirit   .     T - +2 helmet
rElec  .         Reflect  .     k - +0 cloak
rCorr  .         Harm     .     L - +2 pair of gloves
MR     ++...                    (no boots)
Stlth  ..........               (no amulet)
                                A - ring of protection from magic
                                i - ring of protection from fire

@: confused, drained
A: high mp 1
a: no special abilities


You were on level 2 of the Swamp.
You were not hungry.

You visited 5 branches of the dungeon, and saw 26 of its levels.

You collected 1931 gold pieces.
You spent 220 gold pieces at shops.

Inventory:

Hand Weapons
 H - a +3 demon trident of venom (weapon)
Missiles
 x - 7 steel javelins
 Q - a steel tomahawk (quivered)
 W - 3 javelins
Armour
 j - a +3 chain mail of magic resistance
 k - a +0 cloak (worn)
 q - a +2 leather armour of magic resistance
 r - +0 ice dragon scales
 C - a +0 buckler (worn)
 D - a +0 hat of magic resistance
 F - +0 swamp dragon scales (worn)
 L - a +2 pair of gloves (worn)
 T - a +2 helmet (worn)
Jewellery
 i - a ring of protection from fire (left hand)
 u - a +2 ring of slaying {unknown}
 y - a +5 ring of intelligence {unknown}
 z - an uncursed ring of see invisible
 A - a ring of protection from magic (right hand)
Wands
 N - a wand of digging (2/24)
 R - a wand of heal wounds (2/9)
Scrolls
 c - 2 scrolls of amnesia
 g - 2 scrolls of fear
 h - 4 scrolls of blinking
 I - a scroll of remove curse
 J - 2 scrolls of enchant armour
 U - 2 scrolls of torment {unknown}
 X - a scroll of holy word {unknown}
Potions
 a - 6 potions of curing
 e - 2 potions of resistance
 f - 4 potions of cancellation
 m - a potion of haste
 o - 3 potions of flight
 t - a potion of might
 v - 4 potions of brilliance
 w - 3 potions of lignification
 B - a potion of invisibility {unknown}
 V - a potion of cure mutation {unknown}
 Z - 2 potions of experience {unknown}
Books
 n - a book of Minor Magic

   Spells                             Type                      Level
   a - Magic Dart                     Conjuration                  1
   b - Blink                          Translocation                2
   c - Call Imp                       Summoning                    2
   d - Repel Missiles                 Charms/Air                   2
   e - Slow                           Hexes                        2
   f - Conjure Flame                  Conjuration/Fire             3
   g - Mephitic Cloud                 Conjuration/Poison/Air       3
Miscellaneous
 K - a lamp of fire
Comestibles
 b - 7 chunks of flesh
 d - 9 bread rations
 l - 3 meat rations
 p - 4 fruits
 P - a royal jelly
 Y - a slice of pizza


   Skills:
 + Level 10.8(10.6) Fighting
 - Level 12.0(11.8) Polearms
 + Level 5.8(5.7) Armour
 - Level 11.8(11.5) Dodging
 + Level 6.7(6.5) Shields
 - Level 1.7(1.5) Spellcasting
 - Level 8.5(8.3) Hexes
 + Level 10.8(10.5) Charms
 - Level 5.0(4.8) Necromancy
 + Level 3.8(3.7) Translocations
 - Level 4.7(4.5) Ice Magic


You had one spell level left.
You knew the following spells:

 Your Spells              Type           Power        Failure   Level  Hunger
a - Infusion              Chrm           ####         1%          1    ##.....
b - Song of Slaying       Chrm           #####...     1%          2    ###....
c - Shroud of Golubria    Chrm/Tloc      ####......   2%          2    ###....
d - Spectral Weapon       Hex/Chrm       #####...     1%          3    ####...
e - Regeneration          Chrm/Necr      ####......   4%          3    ####...
f - Ozocubu's Armour      Chrm/Ice       ####....     6%          3    ####...
g - Repel Missiles        Chrm/Air       ###...       6%          2    ###....


Dungeon Overview and Level Annotations

Branches:
Dungeon (15/15)            Temple (1/1) D:7            Lair (6/6) D:9
  Swamp (2/4) Lair:2       Spider (0/4) Lair:4          Orc (2/2) D:12
    Elf (0/3) Orc:2        Vaults (0/5) D:13         Depths (0/5) D:15
  Slime: Lair:5-6

Shops:
D:5 }   D:6 }   D:8 (   D:11 *   Orc:2 ((}:

Portals:
Hell: Lair:6

Annotations:
D:7 lanroth's ghost, novice MiAK
D:15 MirrMurr's ghost, journeyman MiBe
Lair:5 exclusion: 3 oklob plants
Swamp:1 Frances; MirrMurr's ghost, adept SpEn


Innate Abilities, Weirdness & Mutations

You have an increased reservoir of magic. (+10% MP)


Message History

You impale the ghost crab!!
You destroy the ghost crab!
The spectral anaconda fades away!
The spectral four-headed hydra fades away!
You are engulfed in spectral mist.
* * * LOW HITPOINT WARNING * * *
Your spectral weapon is engulfed in spectral mist. x2
You feel better.
You are engulfed in spectral mist.
* * * LOW HITPOINT WARNING * * *
Your spectral weapon is engulfed in spectral mist. x2
The bog body gestures at you while chanting.
The bolt of cold hits your spectral weapon.
Your spectral weapon resists.
Your spectral weapon shares its damage with you!
Your spectral weapon fades away.
The bolt of cold misses you.
* * * LOW HITPOINT WARNING * * *
You are confused.
You feel invigorated.
You are engulfed in spectral mist.
You die...

....≈..
♣♣♣♣♣≈≈..≈≈≈
♣....≈≈≈≈≈≈≈
♣≈≈≈.≈≈≈≈≈≈≈
♣.≈≈≈≈≈≈≈≈..
♣≈≈n..≈≈....
♣§§§§≈≈..♣
♣§§§§§§.♣
♣♣§@♣§♣♣♣
♣♣♣♣♣♣


You could see a bog body.

Vanquished Creatures
  Gastronok (Lair:3)
  Kirke (Lair:6)
  2 orc warlords
  Azrael (D:14)
  Nessos (Lair:4)
  2 dire elephants (Lair:6)
  Snorg (Lair:3)
  An ice dragon (D:15)
  3 catoblepae
  2 centaur warriors (D:13)
  A ghost crab (Swamp:2)
  7 hydras
  2 tengu warriors
  3 alligators
  Urug (D:14)
  5 orc high priests (Orc:2)
  A sun demon (Lair:6)
  Sonja (Lair:4)
  A sixfirhy (Lair:6)
  2 swamp dragons
  2 unseen horrors
  A wizard (Lair:6)
  8 hill giants
  The ghost of Doomgape the Carver, a novice HEFi of Zin (D:6)
  Pikel (D:6)
  4 orc knights
  3 ugly things
  3 cyclopes
  5 orc sorcerers (Orc:2)
  2 deep elf magi
  A manticore (D:13)
  2 centaur zombies
  4 elephants (Lair:6)
  6 black mambas
  2 gargoyles
  A torpor snail (Lair:6)
  Psyche (D:12)
  2 orange demons (Lair:6)
  A smoke demon (Lair:6)
  10 spiny frogs
  A rime drake (Lair:3)
  10 komodo dragons
  4 kobold demonologists
  2 red devils (Lair:6)
  6 trolls
  3 ice devils (Lair:6)
  6 meliai
  6 two-headed ogres
  8 blink frogs
  2 polar bears (Lair:5)
  3 tyrant leeches
  16 hippogriffs
  2 bog bodies (Swamp:1)
  4 slime creatures
  A meliai zombie (D:13)
  4 wyverns
  Sigmund (D:6)
  A shadow (D:15)
  51 yaks
  Eustachio (D:4)
  Grum (D:8)
  A basilisk (Lair:6)
  2 fire elementals (D:14)
  16 humans (D:13)
  A steam dragon (Lair:4)
  2 hungry ghosts
  8 vampire mosquitoes (Swamp:1)
  Menkaure (D:5)
  3 wargs (Orc:2)
  An insubstantial wisp (Swamp:1)
  4 swamp worms
  7 hell hounds
  8 porcupines
  A swamp drake (Swamp:1)
  17 water moccasins
  3 ice beasts
  41 orc warriors
  2 slaves (D:6)
  6 black bears
  An eye of draining (D:14)
  3 phantoms
  2 necrophages
  8 sky beasts
  19 ogres
  11 wolves
  11 centaurs
  11 crocodiles
  9 big kobolds
  33 bullfrogs
  A gnoll sergeant (D:7)
  5 scorpions
  A howler monkey (D:4)
  20 wights
  3 electric eels (Lair:3)
  11 crimson imps
  5 jellies
  A quasit (D:13)
  30 orc priests
  4 hounds
  3 bullfrog zombies (D:9)
  13 orc wizards
  A bullfrog skeleton (D:8)
  8 centaur skeletons
  Natasha (thrice) (D:3)
  6 worker ants
  6 iguanas
  A hound skeleton (D:4)
  8 gnolls (D:7)
  14 adders
  6 shadow imps
  3 adder skeletons
  9 worms
  7 leopard geckos
  92 orcs
  5 giant cockroaches
  3 goblins
  8 hobgoblins
  5 jackals
  7 quokkas
  5 ball pythons
  6 bats
  A frilled lizard (D:3)
  A jackal skeleton (D:4)
  A jackal zombie (D:5)
  30 kobolds
  A quokka skeleton (D:4)
  A quokka zombie (D:7)
  3 rats
802 creatures vanquished.

Vanquished Creatures (collateral kills)
  2 hydras (Swamp:1)
  2 slime creatures (Swamp:1)
  3 insubstantial wisps (Swamp:1)
7 creatures vanquished.

Vanquished Creatures (others)
  3 humans (Lair:6)
  A water moccasin (Lair:6)
  10 fungi
  7 plants
  31 spectral weapons
52 creatures vanquished.

Grand Total: 861 creatures vanquished

Notes
Turn   | Place    | Note
-------+----------+-------------------------------------------
     0 | D:1      | Mesmaeker13 the Demigod Skald began the quest for the Orb.
     0 | D:1      | Reached XP level 1. HP: 17/17 MP: 5/5
    15 | D:1      | Reached skill level 1 in Dodging
   180 | D:1      | Reached skill level 1 in Armour
   230 | D:1      | Reached skill level 2 in Polearms
   338 | D:1      | Reached XP level 2. HP: 20/24 MP: 7/7
   942 | D:2      | Reached XP level 3. HP: 29/29 MP: 8/8
  1277 | D:3      | Noticed an ogre
  1504 | D:3      | Learned a level 2 spell: Song of Slaying
  1667 | D:4      | Noticed a phantom
  1828 | D:3      | Killed an ogre
  1828 | D:3      | Reached XP level 4. HP: 11/36 MP: 9/9
  2027 | D:3      | Noticed Natasha
  2035 | D:3      | Killed Natasha
  2035 | D:3      | Reached XP level 5. HP: 30/41 MP: 10/10
  2222 | D:3      | Noticed Natasha
  2229 | D:3      | Killed Natasha
  2229 | D:3      | Reached skill level 3 in Polearms
  2251 | D:3      | Noticed Natasha
  2262 | D:3      | Killed Natasha
  2490 | D:4      | Got a steaming leather armour
  2567 | D:5      | Entered Level 5 of the Dungeon
  2758 | D:5      | Noticed a centaur
  2773 | D:5      | Killed a centaur
  2773 | D:5      | Reached XP level 6. HP: 41/48 MP: 11/11
  2976 | D:5      | Found Hyebes's Gadget Shoppe.
  3877 | D:4      | Identified the +1 leather armour of Sorcery {Dex+5} (You found it on level 4 of the Dungeon)
  3978 | D:4      | Reached skill level 4 in Polearms
  3978 | D:4      | Reached XP level 7. HP: 33/53 MP: 12/12
  4206 | D:4      | Noticed Eustachio
  4226 | D:4      | Killed Eustachio
  4346 | D:6      | Noticed Menkaure
  4365 | D:5      | Killed Menkaure
  4365 | D:5      | Reached skill level 5 in Charms
  4371 | D:5      | Learned a level 2 spell: Shroud of Golubria
  4559 | D:6      | Reached XP level 8. HP: 43/60 MP: 13/13
  4760 | D:6      | Noticed a cyclops
  4815 | D:6      | Noticed Sigmund
  4865 | D:6      | Killed Sigmund
  4865 | D:6      | Reached skill level 5 in Polearms
  4865 | D:6      | Reached skill level 1 in Translocations
  5396 | D:7      | Found a staircase to the Ecumenical Temple.
  5405 | Temple   | Entered the Ecumenical Temple
  5587 | D:7      | Reached skill level 5 in Armour
  5775 | D:7      | Reached skill level 5 in Dodging
  5944 | D:7      | Noticed lanroth's ghost (novice MiAK)
  5975 | D:6      | Noticed Doomgape's ghost (novice HEFi)
  6080 | D:6      | Found a glowing golden altar of the Shining One.
  6080 | D:6      | Found a shadowy altar of Dithmenos.
  6080 | D:6      | Found a basalt altar of Yredelemnul.
  6720 | D:8      | Reached skill level 1 in Shields
  7024 | D:8      | Noticed Grum
  7070 | D:8      | Killed Grum
  7070 | D:8      | Reached XP level 9. HP: 38/67 MP: 14/14
  7461 | D:8      | Learned a level 3 spell: Spectral Weapon
  7679 | D:8      | Reached skill level 6 in Polearms
  8185 | D:8      | Noticed a gargoyle
  8205 | D:8      | Killed a gargoyle
  8546 | D:8      | Found Wonauceam's Weapon Boutique.
  8588 | D:8      | Found a basalt altar of Yredelemnul.
  9634 | D:9      | Found a staircase to the Lair.
  9670 | D:9      | Reached XP level 10. HP: 78/78 MP: 3/15
 10224 | D:9      | Reached skill level 1 in Hexes
 10949 | D:7      | Reached skill level 7 in Polearms
 11607 | D:6      | Killed Doomgape's ghost
 11811 | D:6      | Killed a cyclops
 11951 | D:6      | Found Rarai's Gadget Boutique.
 11952 | D:6      | Noticed Pikel
 11995 | D:6      | Killed Pikel
 11995 | D:6      | Reached skill level 5 in Fighting
 12577 | D:10     | Entered Level 10 of the Dungeon
 12577 | D:10     | Noticed a hill giant
 12736 | D:9      | Killed a hill giant
 13003 | D:10     | Reached skill level 5 in Shields
 13613 | D:10     | Noticed a tengu warrior
 13652 | D:10     | Killed a tengu warrior
 13652 | D:10     | Reached XP level 11. HP: 36/88 MP: 11/17
 14110 | Lair:1   | Entered Level 1 of the Lair of Beasts
 14482 | Lair:1   | Reached skill level 8 in Polearms
 15565 | Lair:2   | Reached skill level 5 in Hexes
 15657 | Lair:2   | Found a staircase to the Swamp.
 17031 | Lair:3   | Reached XP level 12. HP: 54/97 MP: 11/18
 17166 | Lair:3   | Reached skill level 9 in Polearms
 17314 | Lair:3   | Noticed a five-headed hydra
 17342 | Lair:3   | Killed a five-headed hydra
 17657 | Lair:3   | Noticed a five-headed hydra
 17672 | Lair:3   | Killed a five-headed hydra
 18003 | Lair:3   | Noticed Snorg
 18582 | Lair:1   | Learned a level 3 spell: Regeneration
 18588 | Lair:1   | Learned a level 3 spell: Ozocubu's Armour
 18925 | Lair:3   | Killed Snorg
 18953 | Lair:3   | Noticed Gastronok
 18971 | Lair:3   | Killed Gastronok
 19158 | Lair:3   | Noticed a seven-headed hydra
 19166 | Lair:3   | Killed a seven-headed hydra
 19338 | Lair:4   | Noticed Nessos
 19763 | Lair:4   | Killed Nessos
 19763 | Lair:4   | Reached skill level 1 in Necromancy
 20047 | Lair:4   | Noticed Sonja
 20697 | Lair:5   | Reached XP level 13. HP: 53/107 MP: 13/19
 21241 | Lair:5   | Reached skill level 10 in Polearms
 21360 | Lair:5   | Reached skill level 10 in Dodging
 21611 | Lair:6   | Entered Level 6 of the Lair of Beasts
 22073 | Lair:6   | Noticed Kirke
 22085 | Lair:6   | Killed Kirke
 23237 | Lair:6   | Noticed a dire elephant
 23253 | Lair:6   | Killed a dire elephant
 23984 | Lair:6   | Noticed a dire elephant
 24010 | Lair:6   | Killed a dire elephant
 24176 | Lair:6   | Found a burning altar of Makhleb.
 24836 | Lair:6   | Found a gateway to Hell.
 24846 | Lair:6   | Identified the Volume of Attacks and Moulding
 25085 | Lair:4   | Found a hole to the Spider Nest.
 25360 | Lair:4   | Killed Sonja
 25709 | Lair:1   | Identified a scroll of acquirement
 26276 | D:11     | Identified the Collected Works on Confrontation
 26383 | D:11     | Found Koffuc's Assorted Antiques.
 26400 | D:11     | Reached XP level 14. HP: 112/118 MP: 18/20
 26433 | D:11     | Reached skill level 11 in Polearms
 26461 | D:11     | Reached skill level 5 in Necromancy
 26780 | D:12     | Noticed Psyche
 26787 | D:12     | Killed Psyche
 27167 | D:12     | Found a staircase to the Orcish Mines.
 27471 | D:12     | Reached skill level 1 in Ice Magic
 28397 | D:13     | Found a gate to the Vaults.
 28489 | D:13     | Reached skill level 10 in Charms
 28846 | D:14     | Noticed Azrael
 28847 | D:14     | Reached skill level 10 in Fighting
 28857 | D:14     | Killed Azrael
 28868 | D:15     | Entered Level 15 of the Dungeon
 29324 | D:14     | Noticed Urug
 29340 | D:14     | Killed Urug
 29817 | Orc:1    | Entered Level 1 of the Orcish Mines
 30395 | Orc:2    | Entered Level 2 of the Orcish Mines
 30549 | Orc:2    | Found Ephemiog's Book Boutique.
 30578 | Orc:2    | Found Esif's Gadget Shop.
 30626 | Orc:2    | Found a roughly hewn altar of Beogh.
 30710 | Orc:2    | Noticed an orc warlord
 30991 | Orc:1    | Killed an orc warlord
 31768 | Orc:2    | Found a staircase to the Elven Halls.
 32902 | Orc:2    | Found a roughly hewn altar of Beogh.
 32902 | Orc:2    | Noticed an orc warlord
 32936 | Orc:2    | Killed an orc warlord
 32976 | Orc:2    | Reached XP level 15. HP: 73/128 MP: 11/21
 32978 | Orc:2    | Found Duda Hekk's Weapon Emporium.
 33504 | Orc:2    | Found Jidasseg's Antique Weapon Shoppe.
 34060 | Orc:2    | Bought a book of Minor Magic for 220 gold pieces
 34068 | Orc:2    | Learned a level 2 spell: Repel Missiles
 34540 | D:15     | Reached skill level 12 in Polearms
 34653 | D:15     | Found a basalt altar of Yredelemnul.
 34654 | D:15     | Found a blossoming altar of Fedhas.
 34657 | D:15     | Found a burning altar of Makhleb.
 34886 | D:15     | Noticed MirrMurr's ghost (journeyman MiBe)
 35375 | Swamp:1  | Entered Level 1 of the Swamp
 35833 | Swamp:1  | Noticed MirrMurr's ghost (adept SpEn)
 36121 | Swamp:2  | Noticed a thorn hunter
 36804 | Swamp:1  | Noticed Frances
 36905 | Swamp:2  | HP: 5/128 [something (7)]
 36907 | Swamp:2  | Engulfed by a cloud of spectral mist

Skill      XL: |  1  2  3  4  5  6  7  8  9 10 11 12 13 14 15 |
---------------+----------------------------------------------+-----
Dodging        | 1 2 3 4 5 6 7 8 9 10 11 | 11.8
Armour         | 1 2 3 4 5 |  5.8
Polearms       | 2 3 4 5 6 7 8 9 10 11 12 | 12.0
Charms         | 3 4 5 6 7 8 9 10 | 10.8
Translocations | 2 3 |  3.8
Shields        | 1 3 5 6 |  6.7
Fighting       | 2 3 5 6 8 9 10 | 10.8
Hexes          | 3 5 7 8 |  8.5
Necromancy     | 1 4 5 |  5.0
Ice Magic      | 4 |  4.7
Spellcasting   | |  1.7

Action                   |  1- 3 |  4- 6 |  7- 9 | 10-12 | 13-15 || total
-------------------------+-------+-------+-------+-------+-------++-------
Melee: Spear             |   116 |   168 |   389 |     8 |       ||   681
       Trident           |       |       |   153 |   966 |   295 ||  1414
       Demon trident     |       |       |       |       |  1316 ||  1316
 Fire: Blowgun           |       |       |     9 |     4 |       ||    13
Throw: Tomahawk          |     3 |       |     2 |       |     2 ||     7
 Cast: Infusion          |       |       |    10 |    11 |     3 ||    24
       Shroud of Golubri |       |       |     1 |    51 |    76 ||   128
       Spectral Weapon   |       |       |     4 |    49 |   111 ||   164
       Ozocubu's Armour  |       |       |       |     3 |    11 ||    14
       Regeneration      |       |       |       |       |    32 ||    32
Evoke: Wand              |       |       |    17 |    19 |     8 ||    44
  Use: Scroll            |     7 |     2 |     6 |    18 |    21 ||    54
       Potion            |       |     1 |     1 |     7 |    15 ||    24
 Stab: Distracted        |       |     1 |       |     3 |     8 ||    12
       Sleeping          |       |       |     2 |     2 |     4 ||     8
       Petrified         |       |       |       |       |     3 ||     3
  Eat: Chunk             |     3 |     7 |    14 |    37 |    47 ||   108
       Bread ration      |       |       |     3 |       |     6 ||     9
       Beef jerky        |       |       |       |     1 |       ||     1
       Pizza             |       |       |       |     1 |     2 ||     3
       Fruit             |       |       |       |     3 |     6 ||     9
       Meat ration       |       |       |       |     1 |       ||     1
Armor: Leather armour    |     3 |       |    91 |   170 |   165 ||   429
       Ring mail         |    26 |    29 |       |       |       ||    55
       Scale mail        |       |     6 |    13 |       |       ||    19
       Skin              |       |       |     1 |       |       ||     1
       Ice dragon scales |       |       |       |       |    47 ||    47
       Swamp dragon scal |       |       |       |       |    40 ||    40
       Chain mail        |       |       |       |       |     1 ||     1
Dodge: Dodged            |    37 |    72 |   237 |   540 |   730 ||  1616
Block: Buckler           |       |       |    50 |   203 |   286 ||   539
